 Dungeon Crawl Stone Soup version 0.17-a0-1262-gd250d98 (webtiles) character file.

53 kidanger the Ducker (level 3, -6/26 HPs)
             Began as a Merfolk Transmuter on June 6, 2015.
             Mangled by a goblin
             ... wielding a +0 dagger of electrocution
              (13 damage)
             ... on level 2 of the Dungeon.
             The game lasted 00:06:22 (1523 turns).

kidanger the Ducker (Merfolk Transmuter)            Turns: 1523, Time: 00:06:22

Health: -6/26      AC:  7    Str: 11    XL:     3   Next: 87%
Magic:  5/6        EV: 14    Int: 12    God:
Gold:   111        SH:  0    Dex: 14    Spells: 2 memorised, 3 levels left

rFire  . . .     SeeInvis .     f - +1 short sword (protect)
rCold  . . .     Clarity  .     b - +0 robe
rNeg   . . .     SustAt   .     (no shield)
rPois  .         Gourm    .     (no helmet)
rElec  .         Spirit   .     (no cloak)
rCorr  .         Warding  .     (no gloves)
rMut   .         Stasis   .     (no boots)
MR     .....                    (no amulet)
Stlth  +.........               (no ring)
                                e - ring of flight

@: appendage, not resistant to hostile enchantments, very unstealthy
A: change form in water, swift swim, horns 2
a: End Transformation, Evoke Flight


You were on level 2 of the Dungeon.
You were not hungry.
You had grown temporary horns.
You visited 1 branch of the dungeon, and saw 2 of its levels.

You collected 111 gold pieces.

Inventory:

Hand weapons
 f - a +1 short sword of protection (weapon)
Missiles
 a - 10 arrows
Armour
 b - a +0 robe (worn)
Jewellery
 e - a ring of flight (left hand)
Scrolls
 i - a scroll of fog
 j - a scroll of magic mapping {unknown}
 k - a scroll of enchant armour {unknown}
 l - a scroll of random uselessness {unknown}
 m - a scroll of enchant weapon {unknown}
 r - a scroll of noise
 u - a scroll of immolation {unknown}
Potions
 g - a potion of heal wounds {unknown}
 n - 2 potions of agility {unknown}
 q - a potion of flight {unknown}
 t - a potion of magic {unknown}
 v - a potion of poison {unknown}
 w - 2 potions of curing {unknown}
Books
 c - a book of Changes

   Spells                             Type                      Level
   a - Beastly Appendage              Transmutation                1
   b - Sticks to Snakes               Transmutation                2
   c - Spider Form                    Transmutation/Poison         3
   d - Ice Form                       Ice/Transmutation            4
   e - Blade Hands                    Transmutation                5
Comestibles
 d - a bread ration
 h - a slice of pizza
 o - a beef jerky
 p - 5 chunks of flesh
 s - a meat ration


   Skills:
 + Level 1.4 Fighting
 + Level 3.9 Dodging
 + Level 0.2 Stealth
 + Level 3.6 Unarmed Combat
 + Level 2.2 Spellcasting
 + Level 3.4 Transmutations


You had 3 spell levels left.
You knew the following spells:

 Your Spells              Type           Power        Failure   Level  Hunger
a - Beastly Appendage     Trmt           #.....       8%          1    ##.....
b - Sticks to Snakes      Trmt           #.........   12%         2    ###....


Dungeon Overview and Level Annotations

Branches:
Dungeon (2/15)

Altars:


Innate Abilities, Weirdness & Mutations

You revert to your normal form in water.
You are very nimble and swift while swimming.
You have a pair of horns on your head.


Message History

You grow a pair of large bovine horns.
You hit the hobgoblin.
The hobgoblin is severely wounded.
The hobgoblin misses you.
You hit the hobgoblin but do no damage. You headbutt the hobgoblin.
You kill the hobgoblin!
A goblin comes into view.
It is wielding a dagger of electrocution.
A giant cockroach comes into view.
You see here a club.
The goblin hits you but does no damage.
You are electrocuted!
Ouch! That really hurt!
* * * LOW HITPOINT WARNING * * *
You are too injured to fight recklessly!
You are too injured to fight recklessly!
You are too injured to fight recklessly!
You closely miss the goblin. The goblin completely misses you.
You barely miss the goblin. The goblin hits you but does no damage.
You are electrocuted!
Ouch! That really hurt!
You die...

#....... .. #.......
... #....... #.#
#....... ## #.#
##...... ..# #>#
##..... .. #.#
###..#.## #.#####.#
##........
#sg@)...###..#......
#...#####.....#.......
#... #.##.....)..รท.
#... #.##..........
#### #....
..##.......... #..
#..... #.......<......
..### #.....
##.............
....######.#...
...####.......
.##..##....... ..##
#.......


You could see a giant cockroach and a goblin.

Vanquished Creatures
  An ooze (D:2)
  A worm (D:2)
  4 giant geckos
  3 bats (D:1)
  3 goblins (D:1)
  8 hobgoblins
  8 kobolds
  A quokka (D:2)
  A giant cockroach (D:1)
  4 giant newts
  6 rats
40 creatures vanquished.

Vanquished Creatures (collateral kills)
  A rat (D:1)
1 creature vanquished.

Grand Total: 41 creatures vanquished

Notes
Turn   | Place    | Note
--------------------------------------------------------------
     0 | D:1      | kidanger the Merfolk Transmuter began the quest for the Orb.
     0 | D:1      | Reached XP level 1. HP: 15/15 MP: 3/3
   218 | D:1      | Reached XP level 2. HP: 12/21 MP: 3/5
   772 | D:1      | Learned a level 2 spell: Sticks to Snakes
   955 | D:1      | Reached XP level 3. HP: 16/26 MP: 4/6
  1523 | D:2      | Mangled by a goblin

Vault maps used:
D:1:      dpeg_arrival_tiny_a
D:2:      nicolae_ru_awakened_eye

Action                   || total
-------------------------++-------
Melee: Unarmed           ||    75
       Short sword       ||    53
 Cast: Beastly Appendage ||    21
       Sticks to Snakes  ||     2
  Use: Scroll            ||     2
  Eat: Chunk             ||     3
